Map: [ESL] Royal Blood

Players

Armani - Winner!

  • Race: Zerg Zerg

Cure

  • Race: Terran Terran

Event: IEM Katowice 2023

VOD

Have the link to the VOD?

Description

Time

  • Played on: Feb. 8, 2023, 6:12 a.m.
  • Length: 15:38

All games in this series

Show
View Real Time Build Order
Export as new Build Order

Armani Zerg - Winner!

Build Orders: Hatch First, Brood Lord Corruptor 

Get SALT Encoding   

  12  0:00  Drone  
  13  0:12  Overlord  
  13  0:17  Drone  
  14  0:30  Drone x2  
  16  0:50  Hatchery  
  16  0:52  Drone  
  16  0:55  Drone  
  17  0:59  Drone  
  18  1:09  Extractor  
  17  1:14  Spawning Pool  
  17  1:17  Drone  
  17  1:20  Drone  
  18  1:29  Drone  
  19  1:39  Drone  
  20  1:49  Drone  
  21  2:02  Queen x2  
  21  2:04  Drone x2  
  27  2:10  Drone  
  27  2:12  Metabolic Boost  
  27  2:13  Overlord  
  28  2:31  Hatchery  
  28  2:32  Drone  
  28  2:34  Drone x2  
  28  2:37  Drone  
  31  2:43  Drone  
  32  2:46  Queen  
  32  2:50  Overlord  
  34  2:55  Drone x2  
  36  3:06  Overlord  
  36  3:08  Queen  
  36  3:11  Drone, Zergling x2  
  36  3:12  Drone  
  41  3:13  Drone  
  41  3:15  Drone  
  41  3:17  Drone  
  44  3:22  Overlord  
  44  3:25  Drone  
  45  3:30  Drone, Evolution Chamber  
  45  3:31  Drone  
  45  3:32  Drone  
  47  3:37  Queen  
  47  3:40  Drone  
  50  3:49  Queen  
  50  3:52  Drone x5  
  57  3:57  Zerg Ground Armor Level 1  
  57  4:02  Drone x2  
  59  4:06  Overlord  
  59  4:07  Overlord  
  59  4:14  Queen  
  59  4:16  Drone  
  62  4:19  Overlord  
  62  4:22  Zergling x8  
  65  4:26  Zergling x8  
  65  4:27  Zergling x2  
  65  4:29  Zergling x2  
  65  4:30  Zergling x4  
  73  4:37  Roach Warren  
  73  4:38  Zergling x2  
  73  4:39  Overlord  
  73  4:40  Zergling x2  
  73  4:45  Zergling x8  
  78  4:54  Overlord  
  78  4:56  Lair  
  78  4:58  Drone x3  
  78  4:59  Extractor  
  80  5:00  Extractor, Drone  
  80  5:04  Overlord  
  80  5:10  Drone  
  80  5:12  Zergling x8  
  80  5:14  Hatchery  
  81  5:30  Drone  
  81  5:31  Drone x2  
  81  5:32  Drone  
  81  5:33  Drone x2  
  81  5:34  Overlord  
  89  5:35  Roach  
  89  5:36  Roach x5  
  89  5:37  Baneling Nest  
  98  5:44  Roach x3  
  98  5:48  Overlord x2  
  104  5:53  Zergling x2  
  105  5:59  Zergling x4  
  101  6:15  Zerg Melee Weapons Level 1  
  101  6:21  Zergling x2  
  101  6:22  Zergling x16  
  101  6:23  Drone x2  
  106  6:26  Drone  
  106  6:27  Drone  
  106  6:28  Drone  
  106  6:31  Centrifugal Hooks  
  109  6:33  Drone x4  
  113  6:40  Drone x2  
  113  6:46  Ravager x3  
  118  6:49  Extractor, Drone  
  118  6:50  Extractor  
  118  6:52  Zergling x8  
  118  6:53  Hatchery  
  120  6:54  Ravager  
  120  6:59  Queen  
  120  7:00  Drone  
  123  7:04  Ravager  
  123  7:05  Overlord  
  115  7:18  Evolution Chamber  
  115  7:21  Drone x2  
  110  7:25  Zergling x26  
  110  7:29  Drone  
  123  7:30  Drone  
  123  7:34  Ravager x3  
  127  7:38  Zergling x10  
  127  7:39  Baneling x5  
  127  7:41  Drone  
  127  7:43  Overlord  
  133  7:46  Overlord  
  133  7:48  Overlord  
  131  7:55  Zerg Ground Armor Level 2  
  123  8:03  Baneling x2  
  116  8:05  Drone  
  116  8:06  Drone x6  
  116  8:12  Zergling x24  
  135  8:14  Zerg Melee Weapons Level 2  
  135  8:20  Extractor, Drone  
  135  8:21  Overlord  
  135  8:22  Queen  
  135  8:23  Queen x2  
  140  8:27  Baneling  
  140  8:28  Baneling x8  
  140  8:31  Drone  
  140  8:32  Drone x6  
  147  8:40  Infestation Pit  
  146  8:41  Drone x4  
  146  8:42  Drone  
  146  8:43  Drone  
  146  8:45  Baneling x2  
  146  8:46  Baneling x4  
  151  8:48  Extractor  
  151  8:49  Extractor  
  151  8:51  Zergling x2  
  151  8:52  Zergling x24  
  151  8:53  Drone  
  162  8:56  Drone  
  162  8:58  Drone  
  164  9:08  Drone  
  164  9:16  Hive  
  164  9:19  Zergling x2  
  164  9:20  Spire, Zergling x2  
  164  9:21  Overlord x5  
  164  9:22  Burrow  
  164  9:24  Hatchery  
  161  9:38  Drone  
  161  9:40  Zergling x2  
  161  9:41  Zergling x28  
  174  9:48  Baneling x12  
  174  9:53  Zergling x14  
  174  9:54  Zergling x2  
  181  10:20  Baneling x20  
  180  10:23  Zergling x2  
  180  10:24  Zergling x38  
  200  10:29  Overlord, Adrenal Glands  
  200  10:33  Baneling x3  
  189  10:36  Greater Spire  
  162  10:51  Viper x2  
  162  10:54  Zergling x50  
  189  11:02  Corruptor x5  
  181  11:33  Hatchery  
  181  11:34  Corruptor x2  
  181  11:35  Corruptor  
  182  11:50  Brood Lord x5  
  191  12:01  Zerg Ground Armor Level 3  
  191  12:08  Spore Crawler  
  190  12:09  Spore Crawler  
  190  12:13  Brood Lord  
  190  12:14  Brood Lord  
  193  12:25  Zerg Melee Weapons Level 3  
  193  12:27  Zergling x12  
  197  12:39  Baneling x11  
  188  13:18  Zergling x22  
  191  13:36  Corruptor x5  
  186  13:46  Baneling x15  
  182  13:52  Corruptor x2  
  182  13:53  Corruptor x2  
  170  14:03  Zergling x2  
  170  14:04  Zergling x96  
  182  14:18  Ultralisk Cavern  
  182  14:20  Overseer  
  182  14:21  Pneumatized Carapace  
  180  14:27  Drone  
  180  14:31  Baneling x28  
  181  14:35  Zergling x26  
  181  14:37  Drone  
  181  14:38  Zergling x14  
  188  14:40  Baneling x10  
  194  14:46  Zergling x6  
  197  14:53  Baneling  
  197  14:54  Baneling x11  
  197  14:56  Zergling x4  
  199  15:02  Hatchery  
  199  15:04  Baneling x2  
  199  15:05  Baneling x6  
  198  15:08  Zergling x2  
  198  15:09  Hatchery  
Show
View Real Time Build Order
Export as new Build Order

Cure Terran 

Build Orders: Command Center First (CC) 

Get SALT Encoding   

  12  0:00  SCV  
  13  0:12  SCV  
  14  0:17  Supply Depot  
  14  0:24  SCV  
  15  0:38  SCV  
  16  0:50  SCV  
  17  0:57  Command Center  
  17  1:03  SCV  
  18  1:11  Barracks  
  18  1:15  SCV  
  19  1:20  Refinery  
  19  1:27  SCV  
  20  1:33  Barracks  
  20  1:39  SCV  
  21  1:43  Refinery  
  21  1:51  SCV  
  22  2:03  Orbital Command  
  22  2:04  Reaper  
  23  2:10  Orbital Command  
  23  2:20  Barracks Reactor  
  23  2:29  SCV  
  24  2:36  SCV  
  25  2:37  Barracks Tech Lab  
  25  2:41  SCV  
  25  2:42  Factory  
  26  2:48  SCV  
  26  2:50  Supply Depot  
  27  2:53  SCV  
  27  2:57  Stimpack  
  27  2:58  Marine x3  
  31  3:00  SCV  
  32  3:05  SCV  
  32  3:12  SCV  
  34  3:14  Supply Depot  
  34  3:17  SCV  
  34  3:18  Marine x3  
  38  3:24  SCV  
  38  3:26  Starport  
  39  3:27  Factory Reactor  
  39  3:30  SCV  
  40  3:36  Marine x3, SCV  
  40  3:39  Supply Depot  
  44  3:42  SCV  
  45  3:49  SCV  
  45  3:53  Supply Depot  
  45  3:54  Marine x3, SCV  
  50  4:01  SCV  
  51  4:06  SCV  
  52  4:11  Medivac x2  
  52  4:12  Marine x3  
  52  4:13  Supply Depot  
  52  4:14  SCV  
  60  4:18  SCV  
  61  4:27  Command Center  
  61  4:28  SCV  
  61  4:30  Marine x3  
  61  4:31  SCV  
  66  4:36  Combat Shield, Supply Depot  
  66  4:41  SCV, Supply Depot  
  66  4:43  SCV  
  68  4:48  Marine x3  
  71  4:53  Medivac, SCV  
  71  4:54  Supply Depot  
  71  4:55  Widow Mine, SCV  
  77  5:01  Refinery  
  77  5:02  Refinery  
  77  5:07  SCV x2  
  77  5:09  Barracks  
  79  5:15  Marine x3  
  79  5:17  Supply Depot  
  82  5:24  SCV x2  
  82  5:25  Factory Tech Lab  
  82  5:26  Starport Reactor  
  81  5:33  Marine x3  
  81  5:34  Engineering Bay  
  84  5:36  Engineering Bay  
  84  5:37  SCV x2  
  84  5:42  Orbital Command  
  86  5:44  Siege Tank  
  89  5:55  Marine x3  
  92  5:59  Barracks x2, SCV x2  
  93  6:05  Orbital Command  
  93  6:10  Marine x2  
  93  6:11  Medivac x2  
  96  6:13  Marine x2  
  96  6:14  Terran Infantry Weapons Level 1  
  96  6:17  Terran Infantry Armor Level 1  
  98  6:25  SCV x2  
  96  6:26  Siege Tank  
  96  6:29  Marine x3  
  96  6:31  Marine x2  
  104  6:34  SCV  
  104  6:37  SCV x2  
  107  6:45  Armory  
  107  6:48  SCV, Supply Depot  
  107  6:49  SCV  
  107  6:53  Barracks Reactor x2  
  109  6:55  Marine x2, Marauder, Barracks Tech Lab  
  109  6:56  Marine  
  109  6:58  Marine, Siege Tank  
  118  7:03  SCV x2  
  118  7:04  SCV  
  109  7:15  SCV x2  
  109  7:16  SCV  
  109  7:22  Marine x4, Marauder x2  
  112  7:27  SCV  
  112  7:28  SCV x2  
  115  7:31  Siege Tank, Marine x2  
  120  7:37  Terran Vehicle Weapons Level 1  
  120  7:40  Marine x2, SCV x3  
  125  7:47  Marine x2, Marauder x2  
  125  7:49  Marine x2  
  112  8:06  SCV x3  
  112  8:09  Marine x2  
  112  8:10  Marine x4, Marauder x2  
  112  8:11  Terran Infantry Weapons Level 2  
  124  8:13  Siege Tank  
  124  8:18  SCV x3  
  122  8:30  SCV x3  
  122  8:31  Terran Infantry Armor Level 2  
  125  8:39  Command Center  
  125  8:42  SCV x2  
  125  8:43  SCV  
  125  8:45  Siege Tank  
  131  8:53  Marine x2  
  133  8:58  Supply Depot  
  133  9:01  Marine x4, SCV x3  
  133  9:02  Supply Depot  
  140  9:03  Supply Depot  
  140  9:07  Factory  
  140  9:13  SCV  
  140  9:14  Refinery x2  
  141  9:20  Medivac x2, SCV x2  
  147  9:24  Sensor Tower  
  147  9:26  Supply Depot  
  147  9:28  Supply Depot  
  147  9:33  SCV  
  147  9:34  Siege Tank, SCV x2  
  147  9:35  Terran Vehicle Weapons Level 2  
  149  9:45  Marine x3  
  149  9:46  Marine x3, Marauder x2  
  149  9:52  SCV x3  
  162  9:58  Medivac x2  
  166  10:07  Barracks  
  166  10:09  Barracks  
  166  10:11  Barracks  
  166  10:12  Planetary Fortress  
  164  10:18  Siege Tank  
  164  10:20  Factory Tech Lab  
  167  10:27  Marine x4  
  167  10:28  Marine, Sensor Tower, Marauder  
  173  10:29  Marauder  
  175  10:37  SCV x2  
  173  10:44  Orbital Command  
  160  10:51  SCV  
  160  10:52  SCV  
  158  11:02  Barracks Tech Lab x2  
  158  11:03  SCV, Barracks Tech Lab  
  158  11:04  SCV x2  
  161  11:07  Terran Infantry Weapons Level 3, Terran Infantry Armor Level 3  
  161  11:14  SCV  
  161  11:16  SCV x3  
  161  11:18  Command Center  
  165  11:21  Concussive Shells  
  161  11:31  Marauder  
  163  11:34  Supply Depot x2  
  163  11:35  Supply Depot  
  163  11:39  SCV  
  164  11:54  Sensor Tower  
  164  11:55  SCV x3  
  164  11:56  Marine x2, Marauder x3  
  164  11:57  Marine x4, Siege Tank, Marauder x2  
  186  12:12  Terran Vehicle Weapons Level 3  
  186  12:17  Ghost Academy, Marauder, Refinery x2  
  186  12:18  Sensor Tower  
  188  12:24  Supply Depot  
  188  12:25  Supply Depot  
  188  12:29  Siege Tank, Viking x2  
  195  12:34  Command Center  
  195  12:36  Siege Tank  
  197  12:52  Ghost  
  190  12:59  Viking x2  
  183  13:07  Siege Tank, Ghost  
  183  13:08  Marine x6, Ghost x2  
  171  13:24  Ghost x2  
  171  13:26  Marine x4  
  161  13:34  Marine x2  
  161  13:36  Ghost x3  
  161  13:44  Marine x2  
  157  13:52  Ghost  
  157  13:53  Ghost  
  157  13:54  Marine x4  
  148  14:05  Ghost  
  148  14:06  Marine x4  
  148  14:09  SCV  
  147  14:10  SCV x2  
  147  14:12  Marine x2  
  150  14:21  SCV  
  150  14:22  SCV x2  
  153  14:27  Ghost x2  
  153  14:30  Siege Tank  
  147  14:41  Planetary Fortress  
  147  14:47  Siege Tank  
  150  14:55  SCV x3  
  150  14:57  Refinery  
  153  15:00  Marine  
  153  15:01  Marauder x2  
  153  15:02  Siege Tank  
  153  15:05  Marine, Marauder  
  159  15:19  Marine x5  

Tags
 
Add a new tag
Caveats
  • Supply blocks, unpowered buildings, or Contaminate may cause inaccurate times.
  • Supply counts are checked every 10 seconds.